 Dungeon Crawl Stone Soup version 0.29.0-4-gdea44cf6ec (webtiles) character file.

Game seed: 13551215705415348734

907 qw the Cleaver (level 8, -2/46 HPs)
             Began as a Tengu Warper on Aug 28, 2022.
             Was an Initiate of Okawaru.
             Slain by a hornet zombie (10 damage)
             ... on level 6 of the Dungeon.
             The game lasted 00:00:34 (5801 turns).

qw the Cleaver (Tengu Warper)                       Turns: 5801, Time: 00:00:34

Health: -2/46      AC: 12    Str: 16    XL:     8   Next: 8%
Magic:  12/12      EV:  6    Int: 12    God:    Okawaru [......]
Gold:   132        SH:  0    Dex: 17    Spells: 11/11 levels left

rFire   . . .      SeeInvis .   Y - +0 hand axe (elec)
rCold   . . .      Faith    .   (no shield)
rNeg    . . .      Spirit   .   d - +0 plate armour
rPois   .          Reflect  .   (helmet restricted)
rElec   .          Harm     .   j - +0 cloak
rCorr   .          Rampage  .   (no gloves)
Will    .....                   (boots unavailable)
Stlth   ..........              (no amulet)
HPRegen 0.15/turn               (no ring)
MPRegen 0.13/turn               (no ring)

@: about to teleport, flying quickly and evasively, quick
A: beak, talons 3, nimble flight, agile 1, strong 1
a: Renounce Religion


You were on level 6 of the Dungeon.
You worshipped Okawaru.
Okawaru was noncommittal.
You visited 1 branch of the dungeon, and saw 6 of its levels.

You collected 187 gold pieces.
You spent 55 gold pieces at shops.


Innate Abilities, Weirdness & Mutations

You have a beak for a mouth.
You have claws for feet.
Your magical nature lets you fly swiftly and evasively.
You are agile. (Dex +4, Str/Int -1)
Your muscles are strong. (Str +4, Int/Dex -1)


   Skills:
 - Level 3.4 Fighting
 - Level 9.0 Axes
 - Level 1.0 Throwing
 + Level 3.1 Armour
 - Level 2.1 Dodging
 - Level 2.0 Spellcasting
 - Level 2.4 Translocations


You had 11 spell levels left.
You didn't know any spells.
Your spell library contained the following spells:

 Spells                   Type           Power      Damage    Failure   Level
 Blink                    Tloc           12%        N/A       100%        2
 Gell's Gravitas          Tloc           6%         N/A       100%        3
 Lesser Beckoning         Tloc           6%         N/A       100%        3
 Teleport Other           Tloc           6%         N/A       100%        3
 Manifold Assault         Tloc           6%         N/A       100%        5

Inventory:

Hand Weapons
 c - a +0 flail
 Y - a +0 hand axe of electrocution (weapon)
Armour
 d - a +0 plate armour (worn)
 j - a +0 cloak (worn)
Scrolls
 a - a scroll of identify
 b - a scroll of teleportation
Potions
 f - 4 potions of heal wounds
 h - 2 potions of haste
 i - a potion of mutation
 l - a potion of might
 m - 2 potions of curing

Dungeon Overview and Level Annotations

Branches:
Dungeon (6/15)             Temple (0/1) D:5

Altars:
Okawaru
Ru
Trog
Uskayaw

Shops:
D:2 ?

Annotations:
D:4 1 runed translucent door, Crazy Yiuf


Message History

The wyvern zombie bites you!
The wyvern zombie bites you but does no damage.
You barely miss the wyvern zombie.
You claw the wyvern zombie, but do no damage.
You peck the wyvern zombie.
The wyvern zombie is almost destroyed.
The wyvern zombie bites you but does no damage.
You hit the wyvern zombie.
You destroy the wyvern zombie!
Okawaru accepts your kill.
Your Axes skill increases to level 9!
You hit the hornet zombie but do no damage.
You peck the hornet zombie, but do no damage.
The hornet zombie barely misses you.
You barely miss the hornet zombie. You claw the hornet zombie.
You peck the hornet zombie, but do no damage.
The hornet zombie is lightly damaged.
The hornet zombie hits you.
You hit the hornet zombie. You claw the hornet zombie.
The hornet zombie is lightly damaged.
The hornet zombie hits you.
You hit the hornet zombie. You claw the hornet zombie.
You peck the hornet zombie, but do no damage.
The hornet zombie is moderately damaged.
The hornet zombie hits you.
You hit the hornet zombie.
Lightning courses through the hornet zombie!!
The hornet zombie is severely damaged.
The hornet zombie hits you.
You hit the hornet zombie. Your kick misses the hornet zombie.
The hornet zombie is severely damaged.
The hornet zombie closely misses you.
You hit the hornet zombie. You claw the hornet zombie.
The hornet zombie is almost destroyed.
The hornet zombie hits you.
5801 ||| READING 2 scrolls of teleportation.
As you read the scroll of teleportation, it crumbles to dust.
You feel strangely unstable. The hornet zombie hits you!
You die...

###### #....#
##.##.###
#....@Z.#
#..##.#.#
#..#.....8
######..#..#.#...
#..........#......
#.####..##.# ....#
#.# #.....# ...##
#.# #....... .##
#.# ########


You could see a hornet zombie.

Vanquished Creatures
  A water moccasin (D:5)
  An ice beast (D:5)
  A sky beast (D:4)
  2 centaurs (D:3)
  A scorpion (D:5)
  A wyvern zombie (D:6)
  A jelly (D:4)
  An orc priest (D:4)
  An iguana (D:4)
  Ijyb (D:3)
  2 orc wizards (D:5)
  5 adders
  2 white imps (D:5)
  4 worms
  2 dart slugs
  13 orcs
  5 ball pythons
  7 bats
  6 endoplasms
  2 giant cockroaches
  13 goblins
  6 hobgoblins
  3 jackals (D:5)
  6 quokkas
  5 frilled lizards
  6 kobolds
  5 rats
103 creatures vanquished.

Vanquished Creatures (others)
  A fungus (D:3)
  8 plants (D:3)
9 creatures vanquished.

Grand Total: 112 creatures vanquished

Notes
Turn   | Place    | Note
-------+----------+-------------------------------------------
     0 | D:1      | qw the Tengu Warper began the quest for the Orb.
     0 | D:1      | Reached XP level 1. HP: 12/12 MP: 4/4
     0 | D:1      | 0 ||| qw: Version: 0.1-a-89-g26bdef1
     0 | D:1      | 0 ||| qw: Game counter: 2378
     0 | D:1      | 0 ||| qw: Always use a shield: true
     0 | D:1      | 0 ||| qw: God list: Okawaru
     0 | D:1      | 0 ||| qw: Allow faded altars: false
     0 | D:1      | 0 ||| qw: Do Orc after D:15 true
     0 | D:1      | 0 ||| qw: Do second Lair branch before Depths: true
     0 | D:1      | 0 ||| qw: Lair rune preference: random
     0 | D:1      | 0 ||| qw: Plans: Normal
     0 | D:1      | 0 ||| PLANNING D:1-11
   186 | D:1      | Reached skill level 3 in Axes
   186 | D:1      | Reached XP level 2. HP: 15/17 MP: 6/6
   934 | D:1      | 934 ||| UPGRADING to +0 scale mail.
   944 | D:1      | 944 ||| DROPPING +0 leather armour.
   945 | D:1      | 945 ||| READING scroll labelled CETIRU CIYDUAC.
   946 | D:1      | 946 ||| READING scroll labelled IMUSIC AWECK.
   947 | D:1      | 947 ||| READING scroll labelled VIROEPNUTIJ.
   950 | D:1      | 950 ||| READING scroll labelled YZUWNY GECOASA.
   951 | D:1      | 951 ||| READING scroll labelled CAWNUE MINEMEYZU.
   952 | D:1      | 952 ||| DRINKING 4 bubbling blue potions.
   953 | D:1      | 953 ||| DRINKING 2 glowing ruby potions.
   954 | D:1      | 954 ||| DROPPING scroll of blinking.
  1167 | D:2      | Reached XP level 3. HP: 21/21 MP: 7/7
  1212 | D:2      | 1212 ||| FLEEEEING.
  1351 | D:2      | Reached skill level 4 in Axes
  1369 | D:2      | 1369 ||| Stepping ~*~*~tactically~*~*~ (stealth).
  1384 | D:2      | 1384 ||| FLEEEEING.
  1385 | D:2      | 1385 ||| FLEEEEING.
  1386 | D:2      | 1386 ||| FLEEEEING.
  1387 | D:2      | 1387 ||| FLEEEEING.
  1388 | D:2      | 1388 ||| FLEEEEING.
  1389 | D:2      | 1389 ||| FLEEEEING.
  1390 | D:2      | 1390 ||| FLEEEEING.
  1391 | D:2      | 1391 ||| FLEEEEING.
  1392 | D:2      | 1392 ||| FLEEEEING.
  1393 | D:2      | 1393 ||| FLEEEEING.
  1394 | D:2      | 1394 ||| FLEEEEING.
  1395 | D:2      | 1395 ||| FLEEEEING.
  1396 | D:2      | 1396 ||| FLEEEEING.
  1397 | D:2      | 1397 ||| FLEEEEING.
  1398 | D:2      | 1398 ||| FLEEEEING.
  1399 | D:2      | 1399 ||| FLEEEEING.
  1400 | D:2      | 1400 ||| FLEEEEING.
  1401 | D:2      | 1401 ||| FLEEEEING.
  1402 | D:2      | 1402 ||| FLEEEEING.
  1403 | D:2      | 1403 ||| FLEEEEING.
  1404 | D:2      | 1404 ||| STAIRDANCE
  1570 | D:1      | 1570 ||| READING scroll labelled UNIMPU PUMUN.
  1573 | D:2      | 1573 ||| STAIRDANCE
  1721 | D:2      | 1721 ||| Stepping ~*~*~tactically~*~*~ (stealth).
  1723 | D:2      | 1723 ||| Stepping ~*~*~tactically~*~*~ (stealth).
  1729 | D:2      | 1729 ||| READING scroll of brand weapon.
  1729 | D:2      | 1729 ||| BRANDING +0 hand axe of venom.
  1759 | D:2      | 1759 ||| Stepping ~*~*~tactically~*~*~ (stealth).
  1764 | D:2      | Reached XP level 4. HP: 26/26 MP: 8/8
  1777 | D:2      | Found Zaxkemn's Magic Scroll Shoppe.
  1784 | D:2      | 1784 ||| BUYING scroll of identify (22 gold).
  1784 | D:2      | Bought a scroll of identify for 22 gold pieces
  1784 | D:2      | 1784 ||| BUYING scroll of teleportation (33 gold).
  1784 | D:2      | Bought a scroll of teleportation for 33 gold pieces
  1784 | D:2      | 1784 ||| SHOPLISTING scroll of teleportation (33 gold, have
                  | 0).
  1940 | D:2      | 1940 ||| Stepping ~*~*~tactically~*~*~ (stealth).
  2146 | D:2      | 2146 ||| UPGRADING to amulet of guardian spirit.
  2151 | D:2      | 2151 ||| READING scroll labelled XENALA US WEA.
  2152 | D:2      | 2152 ||| READING 2 scrolls of identify.
  2152 | D:2      | 2152 ||| IDENTIFYING cyan potion
  2153 | D:2      | 2153 ||| DROPPING potion of magic.
  2176 | D:3      | Reached skill level 5 in Axes
  2400 | D:3      | Noticed a centaur
  2403 | D:3      | Killed a centaur
  2404 | D:3      | Reached skill level 6 in Axes
  2404 | D:3      | Gained mutation: Your magical nature lets you fly swiftly
                  | and evasively. [Tengu growth]
  2404 | D:3      | Reached XP level 5. HP: 30/30 MP: 9/9
  2491 | D:3      | 2491 ||| DROPPING +0 club.
  2516 | D:3      | Noticed a centaur
  2517 | D:3      | 2517 ||| Stepping ~*~*~tactically~*~*~ (hiding).
  2525 | D:3      | Killed a centaur
  2526 | D:3      | Reached XP level 6. HP: 26/35 MP: 6/10
  2752 | D:3      | Found a sacrificial altar of Ru.
  2951 | D:3      | Noticed Ijyb
  2958 | D:3      | Reached skill level 7 in Axes
  2972 | D:3      | Killed Ijyb
  3449 | D:3      | 3449 ||| UPGRADING to +0 plate armour.
  3459 | D:3      | 3459 ||| DROPPING +0 scale mail.
  3460 | D:3      | 3460 ||| DROPPING +0 chain mail.
  3461 | D:3      | 3461 ||| UPGRADING to +0 cloak.
  3466 | D:3      | 3466 ||| DRINKING 2 black potions.
  3467 | D:3      | 3467 ||| READING 2 scrolls of identify.
  3467 | D:3      | 3467 ||| IDENTIFYING emerald potion
  3468 | D:3      | 3468 ||| DROPPING potion of berserk rage.
  3486 | D:4      | Found a hide-covered altar of Uskayaw.
  3514 | D:4      | 3514 ||| FLEEEEING.
  3515 | D:4      | 3515 ||| FLEEEEING.
  3516 | D:4      | 3516 ||| FLEEEEING.
  3517 | D:4      | 3517 ||| FLEEEEING.
  3518 | D:4      | 3518 ||| FLEEEEING.
  3519 | D:4      | 3519 ||| FLEEEEING.
  3520 | D:4      | 3520 ||| FLEEEEING.
  3521 | D:4      | 3521 ||| FLEEEEING.
  3522 | D:4      | 3522 ||| FLEEEEING.
  3523 | D:4      | 3523 ||| FLEEEEING.
  3524 | D:4      | 3524 ||| STAIRDANCE
  3611 | D:4      | 3611 ||| STAIRDANCE
  3614 | D:3      | HP: 9/36 [poisoned by a goblin]
  3619 | D:3      | HP: 4/36 [poisoned by a goblin]
  3903 | D:4      | 3903 ||| DROPPING +0 mace.
  4051 | D:4      | Reached skill level 3 in Armour
  4162 | D:4      | Noticed a sky beast
  4184 | D:4      | Killed a sky beast
  4185 | D:4      | Reached skill level 3 in Fighting
  4185 | D:4      | Reached XP level 7. HP: 35/41 MP: 9/11
  4238 | D:4      | Found an iron altar of Okawaru.
  4248 | D:4      | Became a worshipper of Warmaster Okawaru
  4249 | D:4      | 4249 ||| REMOVING amulet of guardian spirit.
  4388 | D:4      | Found a runed translucent door.
  4389 | D:4      | Noticed Crazy Yiuf
  4392 | D:4      | 4392 ||| DROPPING amulet of guardian spirit.
  4393 | D:4      | 4393 ||| READING scroll labelled ARESSA TIACLUSM.
  4394 | D:4      | 4394 ||| DRINKING 2 viscous green potions.
  4394 | D:4      | Gained mutation: You are agile. (Dex +4, Str/Int -1)
                  | [potion of mutation]
  4394 | D:4      | Gained mutation: Your muscles are strong. (Str +4, Int/Dex
                  | -1) [potion of mutation]
  4395 | D:4      | 4395 ||| READING 2 scrolls of identify.
  4395 | D:4      | 4395 ||| IDENTIFYING ruby potion
  4396 | D:4      | 4396 ||| READING scroll of teleportation.
  4493 | D:5      | Entered Level 5 of the Dungeon
  4501 | D:5      | 4501 ||| Stepping ~*~*~tactically~*~*~ (hiding).
  4503 | D:5      | 4503 ||| Stepping ~*~*~tactically~*~*~ (hiding).
  4772 | D:5      | Reached skill level 8 in Axes
  5007 | D:5      | Found a staircase to the Ecumenical Temple.
  5074 | D:5      | 5074 ||| Stepping ~*~*~tactically~*~*~ (hiding).
  5344 | D:5      | Found a bloodstained altar of Trog.
  5392 | D:5      | 5392 ||| DRINKING 2 potions of curing.
  5392 | D:5      | 5392 ||| (to cure confusion)
  5573 | D:5      | 5573 ||| READING 2 scrolls of identify.
  5573 | D:5      | 5573 ||| IDENTIFYING fizzy yellow potion
  5574 | D:5      | 5574 ||| DROPPING potion of degeneration.
  5676 | D:6      | Reached XP level 8. HP: 46/46 MP: 12/12
  5794 | D:6      | Reached skill level 9 in Axes
  5800 | D:6      | HP: 8/46 [hornet zombie (5)]
  5801 | D:6      | 5801 ||| READING 2 scrolls of teleportation.
  5801 | D:6      | Slain by a hornet zombie

Levels and vault maps discovered:
D:1:      dpeg_arrival_chambers_temple_mockup, layout_rooms,
          chequers_serial_rivers_small_a
D:2:      layout_loops_ring, serial_shops, shop
D:3:      kennysheep_the_goblin_king, layout_loops_ring,
          nicolae_ru_the_path_less_chosen
D:4:      layout_cave_pools, okawaru_gym_becter,
          nicolae_uskayaw_murder_on_the_dancefloor, uniq_crazy_yiuf_cottage
D:5:      layout_cave_pools, overflow_temple_1_default,
          minmay_temple_entry_large_hall
D:6:      layout_loops_corners, lemuel_zombie_altar_kikubaaqudgha,
          serial_undead, serial_undead_d, serial_undead_b, serial_undead_c,
          serial_undead_f

Skill      XL: |  1  2  3  4  5  6  7  8 |
---------------+-------------------------+-----
Axes           | 3 4 6 7 8 9 |  9.0
Armour         | 3 |  3.1
Fighting       | 3 |  3.4
Throwing       | |  1.0
Dodging        | |  2.1
Spellcasting   | |  2.0
Translocations | |  2.4

Action                   |  1- 3 |  4- 6 |  7- 9 || total
-------------------------+-------+-------+-------++-------
Melee: Hand axe          |    81 |   127 |    68 ||   276
       Kick              |    17 |    30 |    27 ||    74
       Peck              |     9 |    21 |    10 ||    40
       Punch             |       |     2 |     1 ||     3
Throw: Boomerang         |     7 |       |       ||     7
  Use: Scroll            |     7 |     3 |     5 ||    15
       Potion            |     2 |     1 |     2 ||     5
Armor: Leather armour    |     9 |       |       ||     9
       Scale mail        |    16 |    28 |       ||    44
       Plate armour      |       |    28 |    30 ||    58
Dodge: Dodged            |    39 |    41 |    12 ||    92

Table legend:
 A = Non-vault XP
 B = Vault XP
 C = Vault XP percentage of total XP
 D = Non-vault monster count
 E = Vault monster count
 F = Vault count percentage of total count
                 A         B        C        D         E       F
            +---------+---------+-------+---------+---------+-------
      Total |    1162 |     134 |  10.3 |      95 |       8 |   7.8
            +---------+---------+-------+---------+---------+-------
        D:1 |      28 |       0 |   0.0 |      17 |       0 |   0.0
        D:2 |      78 |       0 |   0.0 |      25 |       0 |   0.0
        D:3 |     263 |      47 |  15.2 |      18 |       7 |  28.0
        D:4 |     293 |       0 |   0.0 |      19 |       0 |   0.0
        D:5 |     474 |       0 |   0.0 |      14 |       0 |   0.0
        D:6 |      26 |      87 |  77.0 |       2 |       1 |  33.3
            +---------+---------+-------+---------+---------+-------
